 Dungeon Crawl Stone Soup version 0.31.0-11-ge490571c62 (webtiles) character file.

Game seed: 18250785588344163167

529 browni3141 the Chopper (level 7, -1/61 HPs)
             Began as a Minotaur Fighter on Jan 27, 2024.
             Slain by a troll (9 damage)
             ... on level 4 of the Dungeon.
             The game lasted 00:01:41 (1899 turns).

browni3141 the Chopper (Minotaur Fighter)           Turns: 1899, Time: 00:01:41

Health: -1/61      AC: 12    Str: 22    XL:     7   Next: 3%
Magic:  6/6        EV:  9    Int:  5    God:
Gold:   44         SH:  5    Dex: 10    Spells: 6/6 levels left

rFire   . . .        a - +0 war axe
rCold   . . .        c - +0 buckler
rNeg    . . .        s - +2 scale mail {Will+}
rPois   .            (helmet restricted)
rElec   .            (no cloak)
rCorr   .            (no gloves)
SInv    .            j - +2 pair of boots
Will    +....        (no amulet) Stlth
                     (no ring)
HPRegen 0.30/turn    (no ring)
MPRegen 0.10/turn

%: no passive effects
@: no status effects
A: horns 2, retaliatory headbutt
a: no special abilities


You were on level 4 of the Dungeon.
You visited 1 branch of the dungeon, and saw 5 of its levels.

You collected 44 gold pieces.

Inventory:

Hand Weapons
 a - a +0 war axe (weapon)
Missiles
 p - 3 boomerangs (quivered)
Armour
 b - a +0 scale mail
 c - a +0 buckler (worn)
 j - a +2 pair of boots (worn)
 l - a +0 chain mail
 s - a +2 scale mail of willpower (worn)
Scrolls
 h - 4 scrolls of identify {unknown}
 i - a scroll of brand weapon {unknown}
 k - a scroll of enchant weapon {unknown}
 o - a scroll of noise {unknown}
Potions
 d - a potion of lignification {unknown}
 e - a potion of mutation {unknown}
 f - a potion of brilliance {unknown}
 g - a potion of enlightenment {unknown}
 m - a potion of magic {unknown}
 n - 3 potions of heal wounds {unknown}
 q - a potion of curing {unknown}
 r - 2 potions of haste {unknown}


   Skills:
 + Level 5.4 Fighting
 * Level 6.1 Axes
 + Level 5.3 Armour
 + Level 5.3 Shields


You had 6 spell levels left.
You didn't know any spells.
Your spell library contained the following spells:

 Spells                   Type           Power      Damage    Failure   Level
 Dazzling Flash           Conj/Hex       0%         N/A       99%         3
 Volatile Blastmotes      Fire/Tloc      0%         2d10      99%         3
 Starburst                Conj/Fire      0%         6d3       100%        6
 Maxwell's Capacitive Co  Air            0%         ∞         100%        8


Dungeon Overview and Level Annotations

Branches:
Dungeon (5/15)
 Temple: D:4-7

Altars:

Shops:
D:3 :


Innate Abilities, Weirdness & Mutations

You have a pair of horns on your head.
You reflexively headbutt those who attack you in melee.


Message History

The orc priest hits you with a +0 whip.
You slash the orc priest!
The orc priest is heavily wounded.
You barely miss the killer bee.
The killer bee stings you but does no damage.
You block the orc priest's attack. The killer bee stings you.
You slash the orc priest!
You kill the orc priest!
You closely miss the killer bee. The killer bee closely misses you.
You furiously retaliate!
You headbutt the killer bee! You block the killer bee's attack.
You miss the killer bee. Your headbutt misses the killer bee.
The killer bee is heavily wounded.
You block the killer bee's attack. The killer bee stings you.
The killer bee stings you but does no damage.
The phantom hits you but does no damage.
You barely miss the killer bee. Your headbutt misses the killer bee.
The killer bee is heavily wounded.
You slash the phantom! The killer bee stings you.
You are poisoned.
The killer bee poisons you! The killer bee stings you!
You are more poisoned.
The killer bee poisons you!
The phantom hits you but does no damage.
You hit the killer bee. Your headbutt misses the killer bee.
The killer bee is almost dead.
You closely miss the phantom.
You feel very sick.
The killer bee stings you but does no damage. x2
The phantom hits you but does no damage.
The killer bee stings you.
You hit the killer bee but do no damage.
The killer bee is almost dead.
You barely miss the phantom.
You feel very sick.
The killer bee stings you but does no damage.
The phantom closely misses you. You furiously retaliate!
You headbutt the phantom, but do no damage.
The killer bee barely misses you. You furiously retaliate!
You headbutt the killer bee!
You kill the killer bee!
You slash the phantom!
The phantom is heavily damaged.
You feel very sick.
The phantom hits you but does no damage.
The phantom hits you.
The phantom blinks!
You blink.
A bombardier beetle, an adder and a troll come into view.
The adder hisses angrily.
The troll shouts!
You slash the phantom!
You destroy the phantom!
You feel very sick.
Your Axes skill increases to level 6!
You have reached level 7!
You feel sick.
You feel sick. The adder bites you but does no damage.
There is a stone staircase leading up here.
You feel sick. The adder bites you but does no damage.
You climb upwards.
You feel sick.
There is a stone staircase leading down here.
You barely miss the adder.
You feel sick.
You are no longer poisoned.
The adder bites you but does no damage. The adder barely misses you.
You miss the adder. The adder bites you.
You are poisoned.
The adder poisons you!
You completely miss the adder. You headbutt the adder!
The adder is severely wounded.
You feel sick. The adder barely misses you. The adder completely misses you.
You furiously retaliate!
You headbutt the adder.
You kill the adder!
No target in view!
No target in view!
You start resting.
You feel sick. x2
You are no longer poisoned.
You start resting.
HP restored.
You climb downwards.
There is a stone staircase leading up here.
The troll closely misses you. You furiously retaliate!
You headbutt the troll. The troll claws you! x2
You climb upwards.
There is a stone staircase leading down here.
You barely miss the troll. You headbutt the troll!
The troll is moderately wounded.
The troll bites you! The troll closely misses you. The troll claws you.
The troll barely misses you. The troll claws you. x2
You hit the troll. You headbutt the troll.
The troll is heavily wounded.
The troll bites you! You block the troll's attack. The troll claws you.
You hit the troll.
The troll is severely wounded.
The troll bites you. The troll claws you. The troll barely misses you.
You hit the troll but do no damage. You headbutt the troll!
The troll is almost dead.
You block the troll's attack. The troll claws you but does no damage.
The troll barely misses you.
You hit the troll.
The troll is almost dead.
The troll closely misses you. The troll barely misses you. The troll claws you!
You die...

.#.....#.# #.# .#.....#.# #.#
.......#.# #.#### .......#.#
#..... ..######.########## #.####
..#......#........## #.#
..#.##########.....#########.##
###.# #.......##.......#
##.##########..@............##
#.............T.......##.....###
#.#.#########.........##...###..
#.#.# #....>........####.# ##.#.#
#####.....##..#.####..# ...#.###
#......................
...#...#######...................
...#.#..................#........
####.##########.....#..#...#.#.#.


You could see a troll.

Vanquished Creatures
  Edmund (D:4)
  A phantom (D:5)
  A killer bee (D:5)
  An orc priest (D:5)
  A bombardier beetle (D:5)
  A gnoll bouda (D:4)
  2 iguanas (D:4)
  An orc wizard (D:3)
  3 adders
  4 gnolls (D:4)
  2 dart slugs
  2 ribbon worms
  8 orcs
  4 ball pythons
  3 endoplasms
  3 giant cockroaches
  3 goblins
  2 hobgoblins (D:4)
  5 jackals (D:4)
  3 quokkas
  A frilled lizard (D:2)
  5 kobolds
  3 rats
60 creatures vanquished.

Notes
Turn   | Place    | Note
-------+----------+-------------------------------------------
     0 | D:1      | browni3141 the Minotaur Fighter began the quest for the
                  | Orb.
     0 | D:1      | Reached XP level 1. HP: 19/19 MP: 0/0
   182 | D:2      | Reached XP level 2. HP: 27/27 MP: 1/1
   225 | D:2      | Reached skill level 3 in Axes
   263 | D:3      | Found Ruasomot's Book Shop.
   336 | D:3      | Reached XP level 3. HP: 33/33 MP: 2/2
   443 | D:4      | Reached XP level 4. HP: 37/40 MP: 3/3
   455 | D:4      | Reached skill level 4 in Axes
   640 | D:3      | Reached XP level 5. HP: 12/47 MP: 4/4
  1008 | D:4      | Noticed Edmund
  1019 | D:4      | Killed Edmund
  1020 | D:4      | Reached skill level 5 in Axes
  1171 | D:4      | Reached XP level 6. HP: 53/55 MP: 5/5
  1332 | D:4      | Reached skill level 5 in Fighting
  1332 | D:4      | Reached skill level 5 in Armour
  1332 | D:4      | Reached skill level 5 in Shields
  1725 | D:5      | Entered Level 5 of the Dungeon
  1736 | D:5      | Noticed a troll
  1738 | D:5      | Reached skill level 6 in Axes
  1738 | D:5      | Reached XP level 7. HP: 26/61 MP: 6/6
  1899 | D:4      | Slain by a troll

Illustrated notes

Levels and vault maps discovered:
D:1:      dpeg_arrival_ratfight, layout_basic, dk_noncrumbling_2
D:2:      layout_loops_ring, shapermc_ecumenical_altar_mp_vishouse,
          serial_shops, shop, wad_orctagon
D:3:      layout_rooms, serial_shops, shop, shop,
          nicolae_shop_tiny_statue_garden, grunt_ministairs_10,
          minmay_misc_feat_alley, nicolae_twisty_statue_hallways
D:4:      layout_rooms, serial_co_window_serial, co_window_corner_a,
          co_window_paths_b, co_window_paths_b, co_window_cross_1,
          co_window_paths_a, co_window_corner_b, co_window_broadway_a,
          co_window_broadway_b, co_window_2corner, co_window_corner_b,
          co_window_4corner_b, glass_columns_b, glass_columns_a,
          glass_columns_b, uniq_edmund
D:5:      layout_gridville, amcnicky_altar_gilded, fedhas_altar_1,
          minmay_temple_entry_large_hall, minmay_manual_moon

Skill      XL: |  1  2  3  4  5  6 |
---------------+-------------------+-----
Axes           | 3 4 5 6 |  6.1
Fighting       | 4 5 |  5.4
Armour         | 4 5 |  5.3
Shields        | 4 5 |  5.3

Action                     |  1- 3 |  4- 6 |  7- 9 || total
---------------------------+-------+-------+-------++-------
  Melee: War axe           |    60 |    89 |     8 ||   157
         Headbutt          |     2 |    12 |     4 ||    18
    Use: Potion            |       |     1 |       ||     1
 Armour: Scale mail        |    22 |    17 |    16 ||    55
         Chain mail        |    18 |    86 |       ||   104
  Dodge: Dodged            |    27 |    39 |    10 ||    76
  Block: Buckler           |    13 |    17 |     2 ||    32
